 Dungeon Crawl Stone Soup version 0.15-a0-1224-g3833f9c (webtiles) character file.

1298615 Sar the Demonologist (level 27, 170/170 HPs)
             Began as a Tengu Summoner on May 29, 2014.
             Was the Champion of Ashenzari.
             Escaped with the Orb
             ... and 3 runes on June 2, 2014!
             The game lasted 07:48:18 (129557 turns).

Sar the Demonologist (Tengu Summoner)             Turns: 129557, Time: 07:48:18

HP 170/170       AC 18     Str 15      XL: 27
MP  36/47        EV 50     Int 29      God: Ashenzari [******]
Gold 5683        SH  0     Dex 21      Spells: 15 memorised, 10 levels left

rFire  + + .     SeeInvis +     a - +6 lajatang (elec)
rCold  + + .     Clarity  +     Q - +2 robe {rC+ rF+} (curse)
rNeg   . . .     rCorr    .     (no shield)
rPois  +         rRot     .     G - +2 hat {MR+} (curse)
rElec  +         Spirit   .     i - +2 cloak {MR+} (curse)
SustAb .         Warding  .     H - +2 pair of gloves (curse)
rMut   .         Stasis   .     (boots unavailable)
Gourm  .                        K - amulet of the Air {Inacc +Fly rElec EV+5 RMsl}
MR     ++++.                    R - cursed +5,+7 ring of slaying
                                C - cursed +5 ring of protection

@: mighty, brilliant, agile, swift, resistant, dragon's call, flying quickly and
evasively, very slightly contaminated, regenerating, hasted, deflect missiles,
very quick, incredibly resistant to hostile enchantments, unstealthy
A: able to fly continuously, beak, horns 2, talons 3, blurry vision 1, dopey 1,
frail 1
a: Stop Flying, Scrying, Transfer Knowledge, Renounce Religion
0: Orb of Zot
}: 3/15 runes: decaying, silver, gossamer


You escaped.
You worshipped Ashenzari.
Ashenzari was exalted by your worship.
You were not hungry.

You visited 11 branches of the dungeon, and saw 57 of its levels.
You visited 1 bazaar.
You also visited: Wizlab.

You collected 8877 gold pieces.
You spent 3194 gold pieces at shops.


Innate Abilities, Weirdness & Mutations

You can fly continuously.
You have a beak for a mouth.
You have claws for feet.
You have a pair of horns on your head.
Your vision is a little blurry.
You are dopey. (Int -2)
You are frail (-10% HP).


   Skills:
 + Level 23.7 Fighting
 - Level 14.2 Staves
 - Level 6.0 Armour
 - Level 16.5(20.4) Dodging
 - Level 2.0(5.3) Stealth
 - Level 21.0 Spellcasting
 - Level 10.7(13.5) Charms
 - Level 25.2(27) Summonings
 - Level 6.9(10.0) Necromancy
 - Level 3.0(5.6) Translocations
 - Level 6.0(9.1) Air Magic
 - Level 8.0(11.0) Evocations


You had 10 spell levels left.
You knew the following spells:

 Your Spells              Type           Power        Failure   Level  Hunger
b - Blink                 Tloc           N/A          1%          2    None
c - Spectral Weapon       Hex/Chrm       ######..     1%          3    None
d - Repel Missiles        Chrm/Air       ######       0%          2    None
e - Apportation           Tloc           ######....   1%          1    None
g - Regeneration          Chrm/Necr      #######...   1%          3    None
h - Haste                 Chrm           #######.     1%          6    None
i - Dragon's Call         Summ           ########..   1%          9    ######.
n - Sublimation of Blood  Necr           #######...   1%          2    None
o - Summon Hydra          Summ           ########..   1%          7    ###....
s - Swiftness             Chrm/Air       #######.     0%          2    None
u - Monstrous Menagerie   Summ           ########..   0%          6    None
w - Abjuration            Summ           ########..   0%          3    None
y - Deflect Missiles      Chrm/Air       #######...   1%          6    None
z - Shadow Creatures      Summ           N/A          0%          5    None
R - Summon Butterflies    Summ           ########     0%          1    None

Inventory:

Hand weapons
 a - a +6,+6 lajatang of electrocution (weapon)
 A - a +6 blowgun
 X - a +1,+2 long sword of distortion
Missiles
 h - 10 curare-tipped needles
 k - 37 stones (quivered)
 T - 2 throwing nets
Armour
 i - a cursed +2 cloak of magic resistance (worn)
 p - the +4 moon troll leather armour {Spirit, MP+5 Regen}
   (You found it on level 2 of the Depths)

   It affects your magic capacity (+5).
   It increases your rate of regeneration.
 G - a cursed +2 hat of magic resistance (worn)
 H - a cursed +2 pair of gloves (worn)
 Q - a cursed +2 robe of resistance (worn)
Magical devices
 c - a wand of lightning (6)
 v - a wand of digging (8)
 y - a wand of hasting (5) {!d}
 B - a wand of heal wounds (0) {!d}
 V - a wand of teleportation (0) {!d}
 Z - a wand of fire (5)
Comestibles
 d - 18 meat rations
Scrolls
 f - 6 scrolls of remove curse
 t - 6 scrolls of magic mapping
 u - 26 scrolls of identify
 F - a scroll of curse jewellery
 M - 5 scrolls of fear
 O - 2 scrolls of fog
 S - 2 scrolls of vulnerability
 Y - 3 scrolls of blinking
Jewellery
 g - the amulet of Reobb {rMut MR+}
   (You took it off a deep elf sorcerer on level 3 of the Elven Halls)

   [amulet of resist mutation]

   It protects you from mutation.
   It affects your resistance to hostile enchantments.
 q - the ring of Niuregg {MR+ Str+3 Dex+4 Acc+3}
   (You found it on level 4 of the Depths)

   [ring of protection from magic]

   It affects your strength (+3).
   It affects your dexterity (+4).
   It affects your accuracy with ranged weapons and melee attacks (+3).
   It affects your resistance to hostile enchantments.
 w - an uncursed ring of poison resistance
 C - a cursed +5 ring of protection (left hand)
 K - the amulet of the Air (around neck) {Inacc +Fly rElec EV+5 RMsl}
   (You found it on level 3 of the Elven Halls)

   [amulet of inaccuracy]

   It reduces the accuracy of all your attacks.
   It affects your evasion (+5).
   It insulates you from electricity.
   It lets you fly.
   It protects you from missiles.
 P - an uncursed ring of protection from fire
 R - a cursed +5,+7 ring of slaying (right hand)
Potions
 j - 2 potions of restore abilities
 l - 5 potions of resistance
 n - a potion of might
 o - 5 potions of curing
 r - 5 potions of brilliance
 z - 4 potions of magic
 I - 2 potions of agility
Books
 s - the Collected Works on Confrontation and Good Luck
   (You found it on level 10 of the Dungeon)

   Spells                             Type                      Level
   Infusion                           Charms                       1
   Sting                              Conjuration/Poison           1
   Mephitic Cloud                     Conjuration/Poison/Air       3
   *Spectral Weapon                   Hexes/Charms                 3
   *Deflect Missiles                  Charms/Air                   6
   Poisonous Cloud                    Conjuration/Poison/Air       6
Magical staves
 b - an uncursed staff of wizardry {!a}
Miscellaneous
 e - a phial of floods (inert)
 m - a fan of gales
 D - a fan of gales
 E - a lamp of fire
 L - a phial of floods (inert)
 N - a sack of spiders {used: 2}
 W - a phial of floods (inert)

Dungeon Overview and Level Annotations

Branches:
Dungeon (15/15)            Temple (1/1) D:5             Orc (4/4) D:10
    Elf (3/3) Orc:3          Lair (8/8) D:11          Swamp (5/5) Lair:4
 Spider (5/5) Lair:3        Slime (0/6) Lair:7       Vaults (5/5) D:13
  Blade (1/1) Vaults:4      Crypt (0/3) Vaults:2        Zot (5/5) Depths:5
 Depths (5/5) D:15

Altars:
Ashenzari
Cheibriados
Dithmenos
Elyvilon
Fedhas
Gozag
Kikubaaqudgha
Makhleb
Nemelex Xobeh
Okawaru
Qazlal
Sif Muna
Trog
Vehumet
Xom
Yredelemnul
Zin
The Shining One
Beogh

Shops:
D:6 (:*==   D:11 *   D:13 =   D:14 [   Orc:4 [!=*   Elf:2 ::   Vaults:5 %%%
Depths:1 (   Depths:4 =

Portals:
Hell: Lair:8 Depths:1 Depths:2 Depths:3 Depths:4 Depths:5
Abyss: Depths:4
Pandemonium: Depths:2 Depths:3
Ziggurat: Depths:2

Annotations:
D:4 exclusion: statue
D:15 exclusion: Roxanne, Roxanne
Zot:5 1 exclusion

▒▒▒ ▒···▒ ▒▒▒▒▒▒· ··▒▒ ▒···▒
▒······ ···▒ ▒···▒ ▒·▒▒▒▒· ···▒
▒···▒▒▒▒▒▒▒▒·▒ ▒▒ ···▒
▒············▒ ▒ ▒'▒▒▒
▒······[·····▒ ▒ )···▒
▒▒▒▒▒▒▒▒▒▒············▒ ▒
····▒▒▒·······▒▒▒▒▒·········▒ ▒
······▒·······▒▒Q7+·········▒ ▒
···%··▒·······▒▒▒▒▒·········▒▒▒▒▒
···%··▒·······▒ ▒··············
······▒···(···▒ ▒············▒·
···)··▒····[··▒ ▒············▒·
···▒▒▒▒·······▒ ▒▒▒▒▒▒·········
···▒ ▒·······▒ ▒·······▒· ···▒
▒·······▒ ▒·······'· ···▒
▒·(·····▒▒▒▒ ▒·······▒·


You could see a friendly spectral lajatang of electrocution.


Message History

Unknown command!
Your skin is crawling a little less now!
Your skin stops crawling!
Your skin crawls!
Aiming: Haste You feel yourself speed up!
There is an open door here!
There is an open door here!
You reach down and close the door!
You swing at nothing!
There is a staircase leading out of the dungeon here!
Okay, then!
You feel very safe from missiles!
Okay, then!
Your skin crawls!
You feel quick!
Drink which item? (? for menu, Esc to quit)
You feel agile all of a sudden!
Drink which item? (? for menu, Esc to quit)
You feel clever all of a sudden!
Drink which item? (? for menu, Esc to quit)
You feel very mighty all of a sudden!
Drink which item? (? for menu, Esc to quit)
You feel protected!
Drink which item? (? for menu, Esc to quit)
Magic courses through your body!
You call out to the draconic realm and the roar of the horde responds!!!
Okay, then!
You draw out your weapon's spirit!!!
You have escaped!!!

Action                   |  1- 3 |  4- 6 |  7- 9 | 10-12 | 13-15 | 16-18 | 19-21 | 22-24 | 25-27 || total
-------------------------+-------+-------+-------+-------+-------+-------+-------+-------+-------++-------
Melee: Dagger            |    19 |       |       |       |       |       |       |       |       ||    19
       Unarmed           |     5 |       |       |       |       |       |       |       |       ||     5
       Club              |     1 |       |       |       |       |       |       |       |       ||     1
       Short sword       |    44 |    81 |     8 |       |       |       |       |       |       ||   133
       Whip              |       |    11 |       |       |       |       |       |       |       ||    11
       Lajatang          |       |       |   303 |   674 |  1905 |  1643 |  1626 |  1850 |  1345 ||  9346
       Trident           |       |       |    44 |       |       |       |       |       |       ||    44
 Fire: Blowgun           |       |       |       |       |       |       |       |     1 |       ||     1
Throw: Stone             |       |     1 |       |     2 |     1 |       |     3 |       |     1 ||     8
       Throwing net      |       |       |       |       |     4 |     5 |     2 |       |       ||    11
 Cast: Summon Small Mamm |    22 |       |       |     1 |       |       |       |       |       ||    23
       Call Imp          |    12 |    43 |    40 |     1 |       |       |       |       |       ||    96
       Call Canine Famil |       |     8 |    32 |    17 |     1 |       |       |       |       ||    58
       Summon Lightning  |       |       |    17 |    42 |    25 |       |       |       |       ||    84
       Summon Demon      |       |       |     2 |    68 |   120 |    23 |    25 |    28 |       ||   266
       Abjuration        |       |       |     2 |    11 |    18 |     3 |     5 |     5 |     2 ||    46
       Monstrous Menager |       |       |       |       |     1 |    35 |    74 |    38 |     6 ||   154
       Summon Hydra      |       |       |       |       |       |    95 |    25 |       |     5 ||   125
       Regeneration      |       |       |       |       |       |     5 |     8 |     7 |    27 ||    47
       Shadow Creatures  |       |       |       |       |       |     3 |   108 |    99 |    63 ||   273
       Repel Missiles    |       |       |       |       |       |       |     3 |       |       ||     3
       Haste             |       |       |       |       |       |       |     2 |    14 |    13 ||    29
       Blink             |       |       |       |       |       |       |       |     2 |       ||     2
       Dragon's Call     |       |       |       |       |       |       |       |     9 |    33 ||    42
       Spectral Weapon   |       |       |       |       |       |       |       |       |     4 ||     4
       Deflect Missiles  |       |       |       |       |       |       |       |       |     3 ||     3
       Sublimation of Bl |       |       |       |       |       |       |       |       |     2 ||     2
       Swiftness         |       |       |       |       |       |       |       |       |     1 ||     1
Invok: Scrying           |       |       |       |       |       |       |     2 |       |     2 ||     4
 Abil: Fly               |       |     3 |     7 |    21 |    11 |     1 |       |     5 |       ||    48
       Stop Flying       |       |       |       |       |       |       |       |     5 |       ||     5
       Evoke Flight      |       |       |       |       |       |       |       |     1 |       ||     1
Evoke: Wand              |       |     3 |     4 |     2 |     4 |     6 |    10 |    17 |    37 ||    83
       Phial of floods   |       |       |       |       |       |       |       |     2 |     3 ||     5
       Sack of spiders   |       |       |       |       |       |       |       |       |     2 ||     2
  Use: Scroll            |       |    13 |    17 |    18 |    18 |    31 |    15 |    25 |    19 ||   156
       Potion            |       |       |     3 |     5 |     2 |     6 |    15 |    13 |    29 ||    73
 Stab: Sleeping          |     5 |       |     3 |    13 |    31 |    21 |    13 |     7 |     4 ||    97
       Distracted        |       |     3 |     3 |     8 |    12 |    15 |    28 |    26 |    25 ||   120
       Paralysed         |       |       |     6 |       |       |     1 |     4 |     2 |       ||    13
       Invisible         |       |       |       |       |     3 |       |     3 |       |       ||     6
       Held in net/web   |       |       |       |       |     3 |     3 |     4 |       |       ||    10
       Confused          |       |       |       |       |       |     1 |       |       |       ||     1
       Petrified         |       |       |       |       |       |       |       |     2 |       ||     2
       Petrifying        |       |       |       |       |       |       |       |     1 |       ||     1

Vault maps used:
D:1:      dpeg_arrival_tiny_k
D:2:      grunt_temple_overflow_holy_war,
          nicolae_gozag_cash_rules_everything_around_me
D:3:      gammafunk_temple_overflow_forgotten, hangedman_abyss_or_decor_stabs,
          uniq_jessica, uniq_sigmund
D:4:      vehumet_statue, first_bread
D:5:      lemuel_temple_firewalk_marked, basic_altar, minivault_1
D:6:      serial_shops, shop, shop, shop_coins, kennysheep_little_box,
          kennysheep_mini_moat, serial_bayou_lagoon_b
D:7:      gammafunk_temple_overflow_pools, lemuel_mausoleum_altar_kikubaaqudgha
D:8:      lemuel_insect_pit, uniq_grum, uniq_duvessa
D:9:      fedhas_altar_1
D:10:     lemuel_flame_loot_2, minmay_orc_entry_temple_small, basic_altar,
          grunt_tengu_nest, uniq_fannar, uniq_psyche, uniq_erolcha
D:11:     erik_lair_island, serial_shops, shop, kennysheep_generic_room_4,
          uniq_harold, uniq_sonja
D:12:     basic_altar, columned_hall_lemuel, uniq_joseph
D:13:     erik_vaults_1, serial_shops,
          nicolae_shop_temple_entry_statues_fountains, item_on_display_b,
          uniq_urug, uniq_gastronok, uniq_nessos
D:14:     grunt_vaults_entry_fortified, minivault_14, serial_shops, shop
D:15:     gammafunk_depths_entry_grave, hangedman_decor_growths, spider_trap,
          minivault_11, uniq_roxanne
Temple:   nicolae_temple_figure_zero
Orc:3:    nicolae_orc_pool_cavern
Orc:4:    grunt_orc_tribal_feast
Elf:1:    eino_elf_arrival_sip, spider_trap
Elf:2:    minmay_elf_crystal_hexagon, lightli_enter_wizlab_magi_temple,
          serial_shops, nicolae_shop_stone, nicolae_shop_waterfront
Elf:3:    minmay_elf_hall_spiked, serial_shops, bzr_entry_lakeside
Lair:1:   bh_autumn_forest_stairs
Lair:3:   spider_nest_entry_a
Lair:4:   minmay_swamp_entry_swarm, minmay_hedge_maze, beast_lair_carwin_1,
          serial_bayou_shore_b, infiniplex_staircase_pool, uniq_rupert
Lair:5:   minmay_lindwurm_lava, serial_bayou_shore_b, uniq_erica
Lair:6:   serial_bayou, serial_bayou_lagoon_a, serial_bayou_ford_a,
          serial_bayou_crossing, serial_bayou_pond_e, minivault_29
Lair:7:   minmay_slime_entry_pillars
Lair:8:   evil_forest
Swamp:1:  evilmike_swamp_ruin_wall
Swamp:2:  serial_swamp_ruin, evilmike_swamp_ruin_rubble_2,
          evilmike_swamp_ruin_house_1, evilmike_swamp_ruin_house_2
Swamp:3:  evilmike_swamp_ruin_house_4
Swamp:4:  nicolae_swamp_godswood, swamp_pool2, st_swamp_mini, uniq_agnes
Swamp:5:  grunt_swamp_rune_castle
Spider:1: spider_trap, uniq_louise
Spider:4: spiders_nest_scorpion_pit, nicolae_orb_island
Spider:5: guppyfry_spider_rune, nicolae_spider_nook
Vaults:1: ontoclasm_vaults_pinch, ontoclasm_vaults_eye, v_misc_24, v_misc_28,
          vaults_room_hallway, vaults_room_stairs_pillars,
          nicolae_vaults_rhombus_5, v_misc_27, vaults_room_grid,
          nicolae_vaults_theta, nicolae_vaults_little_squares_1
Vaults:2: ontoclasm_vaults_echo, minmay_crypt_entry_simple_sparse,
          vaults_room_corners, hangedman_vaults_hat, v_rooms_4,
          ontoclasm_vaults_twist, hangedman_vaults_stitches,
          vaults_mumra_chevron_long, v_misc_13, v_alt_pattern_6, v_misc_33,
          grunt_vaults_hallway_short, vaults_room_ringed_pool,
          vaults_dpeg_encased_lava, uniq_asterion, uniq_mara, uniq_boris
Vaults:3: vaults_room_boxed, nicolae_vaults_circle_grid_b,
          nicolae_vaults_windows_and_doors_thing, hangedman_vaults_variations,
          ontoclasm_vaults_misaligned, dpeg_vaults_waves, serial_ice_g
Vaults:4: grunt_vaults_focal, ontoclasm_vaults_chip,
          nicolae_vaults_mini_display_case, nicolae_vaults_know_your_exits,
          hangedman_vaults_unwind, hangedman_vaults_stagger,
          vaults_mumra_blade_bloodbath, nicolae_vaults_little_squares_1,
          v_misc_30, ontoclasm_vaults_hangar, vaults_room_semicircle,
          hangedman_vaults_trim, uniq_aizul
Vaults:5: serial_shops
Blade:    uniq_mennas, uniq_sojobo, uniq_frederick
Zot:1:    lemuel_halls_of_wrath, st_stairs_12
Zot:2:    grunt_deathspiral_small
Zot:4:    st_single_dragon_hoard_2
Bazaar:   bazaar_jpeg_cross
WizLab:   wizlab_cloud
Depths:1: serial_shops, shop, minmay_misc_feat_plants, pf_hell_entry_great_geh,
          hangedman_decor_lopped, aerie_lemuel
Depths:2: radiant_caverns_a_rkd, pan_entry, hell_entry
Depths:3: kennysheep_water_balloons, rand_demon_pan_entry_1, hell_entry,
          serial_bayou_shore_a, infiniplex_staircase_door_maze
Depths:4: constructs_gauntlet_mu_hangedman, serial_shops, nicolae_shop_trees,
          grunt_mini_vestibule, marbit_kobold_abyss_entry,
          minmay_misc_feat_five, horrible_house_mu, uniq_boris
Depths:5: evilmike_zot_entry_castle, pf_hell_entry_tar_river,
          minmay_crystal_water

Notes
Turn   | Place    | Note
--------------------------------------------------------------
     0 | D:1      | Sar, the Tengu Summoner, began the quest for the Orb.
     0 | D:1      | Reached XP level 1. HP: 10/10 MP: 3/3
  1039 | D:1      | Reached XP level 2. HP: 15/15 MP: 6/6
  1446 | D:1      | Reached skill level 3 in Spellcasting
  1451 | D:1      | Learned a level 2 spell: Call Imp
  1585 | D:1      | Reached XP level 3. HP: 19/19 MP: 9/9
  1590 | D:1      | Learned a level 3 spell: Call Canine Familiar
  2058 | D:2      | Found an opulent altar of Gozag.
  2468 | D:2      | Reached XP level 4. HP: 24/24 MP: 11/11
  2552 | D:2      | Reached skill level 4 in Spellcasting
  2582 | D:2      | Found a basalt altar of Yredelemnul.
  2583 | D:2      | Noticed a profane servitor
  2587 | D:2      | Found a glowing golden altar of the Shining One.
  2588 | D:2      | Noticed an angel
  2856 | D:3      | Noticed an orc warrior
  2904 | D:3      | Killed an orc warrior
  2904 | D:3      | Reached skill level 3 in Dodging
  2904 | D:3      | Reached XP level 5. HP: 28/28 MP: 6/15
  3078 | D:3      | Noticed Sigmund
  3115 | D:3      | Reached skill level 4 in Dodging
  3248 | D:3      | Found a snail-covered altar of Cheibriados.
  3248 | D:3      | Found a shadowy altar of Dithmenos.
  3248 | D:3      | Found a bloodstained altar of Trog.
  3564 | D:3      | Noticed Jessica
  3666 | D:4      | Noticed a phantom
  3867 | D:4      | Noticed braverobin's ghost (average FoFi)
  3912 | D:4      | Found a radiant altar of Vehumet.
  4034 | D:4      | Killed braverobin's ghost
  4034 | D:4      | Reached skill level 5 in Dodging
  4034 | D:4      | Reached XP level 6. HP: 24/32 MP: 3/17
  4828 | D:5      | Entered Level 5 of the Dungeon
  4962 | D:5      | Reached skill level 6 in Dodging
  5003 | D:5      | Found a staircase to the Ecumenical Temple.
  5058 | D:5      | Reached skill level 5 in Summonings
  5239 | Temple   | Entered the Ecumenical Temple
  5434 | D:5      | Reached XP level 7. HP: 30/36 MP: 11/18
  5507 | D:5      | Reached skill level 6 in Summonings
  5933 | D:5      | Reached skill level 7 in Summonings
  6042 | D:5      | Found a white marble altar of Elyvilon.
  6800 | D:6      | Found Egoiwex's Book Boutique.
  6851 | D:6      | Reached skill level 8 in Summonings
  6990 | D:6      | Found Sahaweneirph's Jewellery Shoppe.
  7078 | D:6      | Found Xoydyu's Jewellery Boutique.
  7333 | D:6      | Reached XP level 8. HP: 30/41 MP: 16/20
  7656 | D:6      | Reached skill level 9 in Summonings
  8186 | D:6      | Found Kluydos' General Store.
  8216 | D:6      | Found Jacruf's Weapon Emporium.
  8265 | D:6      | Reached skill level 10 in Summonings
  9213 | D:6      | Learned a level 4 spell: Summon Lightning Spire
  9221 | D:7      | Reached skill level 2 in Air Magic
  9471 | D:7      | Reached skill level 3 in Air Magic
  9701 | D:7      | Reached skill level 4 in Air Magic
 10017 | D:7      | Reached skill level 5 in Air Magic
 10017 | D:7      | Reached XP level 9. HP: 34/45 MP: 21/21
 10099 | D:7      | Reached skill level 6 in Air Magic
 10283 | D:7      | Found a shattered altar of Ashenzari.
 10284 | D:7      | Found a burning altar of Makhleb.
 10293 | D:7      | Became a worshipper of Ashenzari the Shackled
 10608 | D:7      | Reached skill level 5 in Spellcasting
 10687 | D:7      | Found an ancient bone altar of Kikubaaqudgha.
 11459 | D:7      | Noticed braks' ghost (experienced DsGl)
 11557 | D:7      | Killed braks' ghost
 11557 | D:7      | Reached skill level 6 in Spellcasting
 12068 | D:7      | Learned a level 3 spell: Abjuration
 12074 | D:7      | Learned a level 5 spell: Summon Demon
 12094 | D:7      | Reached skill level 7 in Spellcasting
 12537 | D:3      | Killed Sigmund
 12569 | D:3      | Killed Jessica
 12590 | D:3      | Killed a phantom
 12900 | D:8      | Noticed Duvessa
 12902 | D:8      | Noticed Dowan
 12910 | D:8      | Killed Duvessa
 12925 | D:8      | Killed Dowan
 12985 | D:8      | Gained mutation: You have a pair of small horns on your head. [potion of beneficial mutation]
 12998 | D:8      | Noticed Grum
 13452 | D:8      | Reached skill level 8 in Spellcasting
 13551 | D:8      | Reached skill level 1 in Fighting
 13551 | D:8      | Reached XP level 10. HP: 24/52 MP: 20/27
 13695 | D:8      | Reached skill level 2 in Fighting
 13833 | D:8      | Reached skill level 3 in Fighting
 13850 | D:8      | Killed Grum
 14014 | D:8      | Reached skill level 4 in Fighting
 14826 | D:8      | Reached skill level 5 in Fighting
 15285 | D:9      | Found a blossoming altar of Fedhas.
 15681 | D:9      | Reached skill level 6 in Fighting
 16524 | D:10     | Entered Level 10 of the Dungeon
 16533 | D:10     | Killed Erolcha
 16778 | D:10     | Noticed a hill giant
 16791 | D:10     | Killed a hill giant
 17060 | D:10     | Reached skill level 7 in Fighting
 17372 | D:10     | Acquired Ashenzari's first power
 17449 | D:10     | Found a staircase to the Orcish Mines.
 17454 | D:10     | Reached skill level 1 in Staves
 17470 | D:10     | Found a roughly hewn altar of Beogh.
 17497 | D:10     | Reached skill level 2 in Staves
 17747 | D:10     | Reached skill level 3 in Staves
 17764 | D:9      | Reached skill level 4 in Staves
 17998 | D:10     | Noticed a tengu warrior
 18019 | D:10     | Reached XP level 11. HP: 67/67 MP: 10/29
 18024 | D:10     | Killed a tengu warrior
 18024 | D:10     | Reached skill level 7 in Dodging
 18272 | D:10     | Noticed Fannar
 18274 | D:10     | Noticed Psyche
 18676 | D:10     | Killed Psyche
 18676 | D:10     | Reached skill level 8 in Dodging
 18761 | D:10     | Found an iron altar of Okawaru.
 18861 | D:10     | Killed Fannar
 19323 | D:11     | Noticed Sonja
 19325 | D:11     | Killed Sonja
 19331 | D:11     | Reached skill level 9 in Dodging
 19631 | D:11     | Noticed a seven-headed hydra
 19638 | D:11     | Killed a seven-headed hydra
 19788 | D:11     | Reached skill level 10 in Dodging
 19990 | D:11     | Noticed Harold
 20030 | D:11     | Killed Harold
 20241 | D:11     | Found Wekh's Assorted Antiques.
 20250 | D:11     | Bought an embroidered robe for 20 gold pieces
 20265 | D:11     | Noticed a hill giant
 20284 | D:11     | Killed a hill giant
 20284 | D:11     | Reached skill level 8 in Fighting
 20334 | D:11     | Found a staircase to the Lair.
 20937 | D:10     | Killed a hill giant
 21589 | Lair:1   | Entered Level 1 of the Lair of Beasts
 21600 | Lair:1   | Reached skill level 9 in Fighting
 22313 | Lair:1   | Reached skill level 10 in Fighting
 22516 | Lair:1   | Reached XP level 12. HP: 77/77 MP: 24/29
 22845 | Lair:2   | Identified the +7 chain mail of Skicuith {rElec Str+3 Dex+2}
 23494 | Lair:2   | Reached skill level 11 in Fighting
 23591 | Lair:2   | Acquired Ashenzari's second power
 23955 | Lair:2   | Learned a level 6 spell: Monstrous Menagerie
 24191 | Lair:3   | Reached skill level 11 in Summonings
 24581 | Lair:3   | Noticed a five-headed hydra
 24600 | Lair:3   | Killed a five-headed hydra
 25167 | Lair:3   | Reached skill level 12 in Summonings
 25608 | Lair:3   | Found a hole to the Spider Nest.
 26503 | Lair:4   | Found a staircase to the Swamp.
 26642 | Lair:4   | Reached skill level 11 in Dodging
 26929 | Lair:4   | Noticed Rupert
 27830 | Lair:4   | Reached skill level 12 in Dodging
 28091 | Lair:4   | Killed Rupert
 28091 | Lair:4   | Reached XP level 13. HP: 56/84 MP: 9/30
 29206 | Lair:5   | Identified a +6 rod of shadows (9/9)
 29465 | Lair:5   | Identified the ring of Mabrerph {rN+ MR+}
 29579 | Lair:5   | Reached skill level 12 in Fighting
 29605 | Lair:5   | Noticed Erica
 29623 | Lair:5   | Killed Erica
 30653 | Lair:6   | Reached skill level 13 in Fighting
 30709 | Lair:6   | Identified the cursed -2 plate armour "Dyen" {Int-1} (You found it on level 4 of the Lair of Beasts)
 32387 | Lair:7   | Reached skill level 14 in Fighting
 32559 | Lair:7   | Reached skill level 5 in Staves
 32743 | Lair:7   | Found a staircase to the Slime Pits.
 33074 | Lair:7   | Acquired Ashenzari's third power
 33185 | Lair:7   | Reached skill level 6 in Staves
 33188 | Lair:7   | Reached XP level 14. HP: 82/96 MP: 16/31
 33522 | Lair:7   | Reached skill level 7 in Staves
 34124 | Lair:8   | Entered Level 8 of the Lair of Beasts
 34443 | Lair:7   | Reached skill level 8 in Staves
 34893 | Lair:8   | Reached skill level 9 in Staves
 35538 | Lair:8   | Reached skill level 10 in Staves
 35970 | Lair:8   | Found a burning altar of Makhleb.
 36228 | Lair:8   | Reached skill level 9 in Spellcasting
 36614 | Lair:8   | Found a gateway to Hell.
 37171 | Lair:2   | Learned a level 3 spell: Regeneration
 37180 | Lair:2   | Learned a level 5 spell: Shadow Creatures
 37291 | D:12     | Noticed Joseph
 37298 | D:12     | Killed Joseph
 37998 | D:12     | Found a basalt altar of Yredelemnul.
 38181 | D:12     | Reached skill level 10 in Spellcasting
 38342 | D:12     | Reached skill level 1 in Necromancy
 38430 | D:12     | Reached skill level 2 in Necromancy
 38634 | D:13     | Reached skill level 3 in Necromancy
 38781 | D:13     | Found Kozo's Jewellery Boutique.
 38788 | D:13     | Bought the amulet "Mnonaota" {Gourm Dex+3 Int+5} for 914 gold pieces
 38928 | D:13     | Reached skill level 4 in Necromancy
 38976 | D:13     | Reached skill level 13 in Dodging
 39009 | D:13     | Found a gate to the Vaults.
 39249 | D:13     | Acquired Ashenzari's fourth power
 39278 | D:13     | Noticed Nessos
 39287 | D:13     | Killed Nessos
 39356 | D:13     | Noticed Urug
 39363 | D:13     | Noticed Gastronok
 39482 | D:13     | Killed Urug
 39482 | D:13     | Reached XP level 15. HP: 78/100 MP: 34/34
 39723 | D:13     | Killed Gastronok
 40514 | Orc:1    | Entered Level 1 of the Orcish Mines
 41941 | Orc:3    | Found a staircase to the Elven Halls.
 42175 | Orc:4    | Entered Level 4 of the Orcish Mines
 43226 | Orc:4    | Reached skill level 13 in Summonings
 44124 | Orc:4    | Found Prismene's Antique Armour Shoppe.
 44196 | Orc:4    | Found Wagag's Distillery.
 44197 | Orc:4    | Found Giappuh's Jewellery Shoppe.
 44197 | Orc:4    | Found Xyfootocs' Assorted Antiques.
 44206 | Orc:4    | Bought a scroll labeled KHETHR FEISM for 20 gold pieces
 44210 | Orc:4    | Bought a potion of heal wounds for 39 gold pieces
 44210 | Orc:4    | Bought a potion of heal wounds for 39 gold pieces
 44210 | Orc:4    | Bought a potion of heal wounds for 39 gold pieces
 44210 | Orc:4    | Bought a potion of haste for 91 gold pieces
 44210 | Orc:4    | Bought 2 potions of curing for 52 gold pieces
 44253 | Orc:4    | Bought a smoking leather armour for 238 gold pieces
 44253 | Orc:4    | Identified the +0 leather armour of Troc {rC+ MR++ Int-1 Dam+5 SInv} (You bought it in a shop on level 4 of the Orcish Mines)
 44258 | Orc:4    | Bought a potion of heal wounds for 60 gold pieces
 44258 | Orc:4    | Bought a distressingly furry leather armour for 140 gold pieces
 44258 | Orc:4    | Identified the +2 leather armour "Brikhyd" {Int+3 Curse} (You bought it in a shop on level 4 of the Orcish Mines)
 44851 | D:14     | the detected shop or portal was a mimic.
 44863 | D:14     | Identified the amulet "Nottumyl" {Clar Int+3 Acc-2}
 44884 | D:14     | Reached skill level 14 in Summonings
 45123 | D:14     | Found Plobof's Antique Armour Shoppe.
 45451 | D:14     | Learned a level 1 spell: Apportation
 45495 | D:14     | Learned a level 1 spell: Summon Butterflies
 45908 | D:14     | Bought a cloak for 148 gold pieces
 45908 | D:14     | Bought an embroidered hat for 132 gold pieces
 46218 | D:14     | Reached skill level 15 in Summonings
 46266 | D:15     | Entered Level 15 of the Dungeon
 46289 | D:15     | Found a staircase to the Depths.
 46874 | D:15     | Noticed Roxanne
 47583 | Spider:1 | Entered Level 1 of the Spider Nest
 47588 | Spider:1 | Noticed Louise
 47716 | Swamp:1  | Entered Level 1 of the Swamp
 48817 | Swamp:1  | Reached XP level 16. HP: 93/107 MP: 34/34
 49007 | Swamp:2  | Learned a level 7 spell: Summon Hydra
 49590 | Swamp:3  | Reached skill level 15 in Fighting
 49875 | Swamp:3  | Noticed a thorn hunter
 49923 | Swamp:3  | Killed a thorn hunter
 50716 | Swamp:3  | Noticed a thorn hunter
 50722 | Swamp:3  | Killed a thorn hunter
 51129 | Swamp:4  | Noticed Agnes
 51148 | Swamp:4  | Killed Agnes
 51401 | Swamp:4  | Found a deep blue altar of Sif Muna.
 51536 | Swamp:4  | Reached skill level 16 in Fighting
 52653 | Swamp:5  | Entered Level 5 of the Swamp
 53782 | Swamp:5  | Noticed the 27-headed Lernaean hydra
 53795 | Swamp:5  | Killed the 27-headed Lernaean hydra
 53795 | Swamp:5  | Reached skill level 17 in Fighting
 54241 | Swamp:5  | Got a decaying rune of Zot
 54320 | Swamp:5  | Reached XP level 17. HP: 80/119 MP: 27/35
 54975 | Swamp:5  | Noticed a thorn hunter
 54988 | Swamp:5  | Killed a thorn hunter
 55272 | Spider:1 | Killed Louise
 55557 | Spider:1 | Reached skill level 18 in Fighting
 56419 | Spider:2 | Reached skill level 1 in Evocations
 56663 | Spider:2 | Reached skill level 2 in Evocations
 57062 | Spider:2 | Reached skill level 3 in Evocations
 57284 | Spider:2 | Reached skill level 4 in Evocations
 57583 | Spider:3 | Reached skill level 5 in Evocations
 58053 | Spider:3 | Reached skill level 6 in Evocations
 58510 | Spider:4 | Reached skill level 7 in Evocations
 59101 | Spider:4 | Reached skill level 8 in Evocations
 59906 | Spider:5 | Entered Level 5 of the Spider Nest
 60888 | Spider:5 | Reached skill level 19 in Fighting
 61272 | Spider:5 | Reached XP level 18. HP: 102/128 MP: 31/36
 62135 | Spider:5 | Got a gossamer rune of Zot
 62599 | Vaults:1 | Entered Level 1 of the Vaults
 63416 | Vaults:1 | Reached skill level 20 in Fighting
 64501 | Vaults:2 | Found a staircase to the Crypt.
 64610 | Vaults:2 | Noticed Asterion
 64627 | Vaults:2 | Killed Asterion
 65238 | Vaults:2 | Noticed Mara
 65327 | Vaults:2 | Noticed Sar's illusion
 65404 | Vaults:2 | Killed Mara
 65596 | Vaults:2 | Identified the cursed -11 chain mail of the Doldrums {Str+2 Int-2}
 65709 | Vaults:2 | Noticed Sar's illusion
 66490 | Vaults:2 | Reached skill level 21 in Fighting
 66611 | Vaults:2 | Noticed Sar's illusion
 66869 | Vaults:2 | Noticed Sar's illusion
 67233 | Vaults:2 | Reached skill level 1 in Charms
 67279 | Vaults:2 | Noticed Sar's illusion
 67562 | Vaults:2 | Reached skill level 2 in Charms
 67659 | Vaults:2 | Reached skill level 3 in Charms
 68072 | Vaults:2 | Reached skill level 4 in Charms
 68303 | Vaults:2 | Reached XP level 19. HP: 99/137 MP: 36/36
 68382 | Vaults:2 | Noticed Boris
 68686 | Vaults:3 | Reached skill level 5 in Charms
 69615 | Vaults:3 | Reached skill level 6 in Charms
 70101 | Vaults:3 | Reached skill level 7 in Charms
 70580 | Vaults:3 | Reached skill level 8 in Charms
 71064 | Vaults:3 | Noticed a golden dragon
 71899 | Vaults:3 | Killed a golden dragon
 71927 | Vaults:3 | Reached skill level 9 in Charms
 72884 | Vaults:4 | Found a staircase to the Hall of Blades.
 72935 | Blade    | Entered the Hall of Blades
 72955 | Blade    | Noticed Frederick
 73080 | Blade    | Killed Frederick
 73080 | Blade    | Reached skill level 10 in Charms
 73646 | Blade    | Noticed Mennas
 74234 | Vaults:4 | Identified a scroll of acquirement
 74454 | Vaults:4 | Noticed Aizul
 74500 | Vaults:4 | Killed Aizul
 74500 | Vaults:4 | Reached skill level 14 in Dodging
 75160 | Vaults:4 | Reached XP level 20. HP: 87/144 MP: 11/37
 76535 | Vaults:2 | Killed Boris
 76535 | Vaults:2 | Reached skill level 15 in Dodging
 76927 | Vaults:2 | Noticed Sar's illusion
 76948 | Vaults:1 | Noticed Sar's illusion
 77455 | Lair:2   | Learned a level 6 spell: Haste
 77463 | Lair:2   | Upgraded the game from 0.15-a0-1154-gddcb950 to 0.15-a0-1174-g8389a64
 77463 | Lair:2   | Upgraded the game from 0.15-a0-1174-g8389a64 to 0.15-a0-1206-g3bad1a6
 77463 | Lair:2   | Upgraded the game from 0.15-a0-1206-g3bad1a6 to 0.15-a0-1224-g3833f9c
 77671 | Elf:1    | Entered Level 1 of the Elven Halls
 78270 | Elf:1    | Reached skill level 16 in Dodging
 78369 | Elf:2    | Found Ehuolajou's Book Shop.
 78396 | Elf:2    | Found a magical portal.
 78424 | WizLab   | Entered The Chambers of Ymuwnaf the Cloud Mage
 79447 | WizLab   | Identified Hureen's Incunabulum of Damaging Feathers
 79449 | WizLab   | Identified Stroosye's Volume of Destructive Feathers
 79476 | WizLab   | Learned a level 2 spell: Repel Missiles
 80056 | Elf:2    | Found Hattea's Book Shoppe.
 80492 | Elf:3    | Entered Level 3 of the Elven Halls
 80512 | Elf:3    | Found a flickering gateway to a bazaar.
 80516 | Elf:3    | Noticed mrokjakchuj's ghost (mighty HEFi)
 80517 | Bazaar   | Entered a bazaar
 80517 | Bazaar   | Found Vuug's Antique Armour Shop.
 80517 | Bazaar   | Found Khuaschaa's Distillery.
 80517 | Bazaar   | Vuug's Antique Armour Shop was a mimic.
 80548 | Bazaar   | Found Kusihuar's Antique Weapon Shop.
 80597 | Bazaar   | Bought a potion of beneficial mutation for 385 gold pieces
 80598 | Bazaar   | Gained mutation: You have a pair of horns on your head. [potion of beneficial mutation]
 80599 | Bazaar   | Bought a potion of curing for 22 gold pieces
 80599 | Bazaar   | Bought a potion of haste for 77 gold pieces
 80599 | Bazaar   | Bought a potion of curing for 22 gold pieces
 80599 | Bazaar   | Bought a potion of might for 27 gold pieces
 80599 | Bazaar   | Bought a potion of curing for 22 gold pieces
 80599 | Bazaar   | Bought a potion of resistance for 77 gold pieces
 80599 | Bazaar   | Bought a potion of magic for 60 gold pieces
 80648 | Elf:3    | Killed mrokjakchuj's ghost
 80873 | Elf:3    | Reached skill level 11 in Spellcasting
 81986 | Elf:3    | Reached skill level 12 in Spellcasting
 82210 | Elf:3    | Identified the +1 ring mail "Qinumam" {rF+ rN+ Int+2 Dam+2} (You took it off a deep elf high priest on level 3 of the Elven Halls)
 82284 | Elf:3    | Reached XP level 21. HP: 148/148 MP: 39/39
 82413 | Elf:3    | Reached skill level 1 in Armour
 82427 | Elf:3    | Reached skill level 2 in Armour
 82605 | Elf:3    | Reached skill level 3 in Armour
 82760 | Elf:3    | Reached skill level 4 in Armour
 82867 | Elf:3    | Identified the cursed +5,+4 scimitar of Valour {slice, rC+}
 82877 | Elf:3    | Reached skill level 5 in Armour
 82961 | Elf:3    | Identified the amulet of Reobb {rMut MR+} (You took it off a deep elf sorcerer on level 3 of the Elven Halls)
 83140 | Elf:3    | Identified the +9 plate armour of the Cooper {Dex+4} (You took it off a deep elf blademaster on level 3 of the Elven Halls)
 83140 | Elf:3    | Reached skill level 6 in Armour
 83621 | Elf:3    | Identified the +8 chain mail of Dishonesty {Dex+3 Int-2} (You took it off a deep elf high priest on level 3 of the Elven Halls)
 84070 | Elf:3    | Identified the Volume of Attacks and the Rocks
 84121 | Elf:3    | Identified the +2 scale mail of the Barnacle {+Rage rC+ Int+4}
 84123 | Elf:3    | Identified the +8,+5 sling "Egg" {venom, rF+ Dex+3}
 84299 | Elf:3    | Reached skill level 13 in Spellcasting
 84404 | Elf:3    | Identified the +0 helmet of Impatience {Dex+2}
 84405 | Elf:3    | Identified the cursed +3 scale mail "Fuirar" {rC+ Int+1}
 84413 | Elf:3    | Identified the Disquisition on Earthen Stolen Souls
 85025 | Depths:1 | Entered Level 1 of the Depths
 85027 | Depths:1 | Found Koure's Weapon Shop.
 85813 | Depths:1 | Reached skill level 5 in Necromancy
 86045 | Depths:1 | Reached skill level 6 in Necromancy
 88596 | Depths:2 | Reached skill level 14 in Spellcasting
 89903 | Depths:2 | Identified the Grimoire of Supportive Attacks
 90582 | Depths:2 | Reached XP level 22. HP: 149/155 MP: 41/41
 90915 | Depths:2 | Learned a level 2 spell: Blink
 90936 | Depths:2 | Reached skill level 1 in Translocations
 91134 | Depths:2 | Reached skill level 2 in Translocations
 91194 | Depths:2 | Found a gateway to a ziggurat.
 91195 | Depths:2 | Identified the +0 ice dragon armour "Smulur" {+Blink rF- rC++ Acc+6}
 91230 | Depths:2 | Identified the cursed -1,+3 falchion "Twywe" {freeze, Int+3}
 91230 | Depths:2 | Identified the +7 scale mail of Purpose {+Fly MR+} (You found it on level 2 of the Depths)
 91254 | Depths:2 | Found a one-way gate leading to the halls of Pandemonium.
 91373 | Depths:2 | Reached skill level 3 in Translocations
 91727 | Depths:1 | Reached skill level 15 in Spellcasting
 93075 | Lair:2   | Learned a level 9 spell: Dragon's Call
 93693 | Depths:3 | Reached skill level 11 in Staves
 94614 | Depths:3 | Reached skill level 12 in Staves
 95985 | Depths:3 | Reached skill level 13 in Staves
 96444 | Depths:3 | Identified the Compendium of Earthen Transmutation
 96457 | Depths:3 | Identified A Primer on Theurgy
 96460 | Depths:3 | Identified Furioruz's Further Progress in Spellcraft
 96717 | Depths:4 | Identified the cursed +2,-2 mace "Abakah" {venom, Str+2}
 96790 | Depths:4 | Found Phoeluzi's Jewellery Boutique.
 97053 | Depths:4 | Reached skill level 14 in Staves
 97328 | Depths:4 | Noticed Nergalle
 97346 | Depths:4 | Killed Nergalle
 97407 | Depths:4 | Reached skill level 16 in Summonings
 97579 | Depths:4 | Found a one-way gate to the infinite horrors of the Abyss.
 97643 | Depths:4 | Noticed Boris
 98222 | Depths:4 | Reached XP level 23. HP: 146/160 MP: 36/42
 98707 | Depths:4 | Reached skill level 17 in Summonings
 99399 | Depths:4 | Killed Boris
100677 | Depths:4 | Noticed an ancient lich
100687 | Depths:4 | Identified the ring of Niuregg {MR+ Str+3 Dex+4 Acc+3}
100708 | Depths:4 | Killed an ancient lich
100708 | Depths:4 | Reached skill level 18 in Summonings
100916 | Depths:5 | Entered Level 5 of the Depths
101854 | Depths:5 | Reached skill level 19 in Summonings
103760 | Depths:5 | Found a gate to the Realm of Zot.
103770 | Depths:5 | Reached skill level 20 in Summonings
105394 | Vaults:2 | Found a staircase to the Crypt.
106020 | Vaults:4 | Killed Mennas
106425 | Blade    | Noticed Sojobo
106440 | Blade    | Killed Sojobo
107769 | Vaults:5 | Entered Level 5 of the Vaults
107796 | Vaults:5 | Reached skill level 21 in Summonings
107796 | Vaults:5 | Reached XP level 24. HP: 151/166 MP: 26/43
108286 | Vaults:5 | Noticed an ancient lich
108330 | Vaults:5 | Killed an ancient lich
108786 | Vaults:5 | HP: 7/166 [titan/the air (55)]
108855 | Vaults:5 | Reached skill level 22 in Summonings
109237 | Vaults:5 | HP: 5/166 [titan/the air (58)]
109969 | Vaults:5 | Reached skill level 23 in Summonings
110351 | Vaults:5 | Noticed an ancient lich
110384 | Vaults:5 | Killed an ancient lich
110561 | Vaults:5 | Identified the Grimoire of Floating Aid
111192 | Vaults:5 | Reached skill level 24 in Summonings
111354 | Vaults:5 | Got a silver rune of Zot
112142 | Vaults:5 | Reached XP level 25. HP: 96/171 MP: 43/43
112472 | Vaults:5 | Found Moes' Food Boutique.
112477 | Vaults:5 | Bought a meat ration for 65 gold pieces
112477 | Vaults:5 | Bought a meat ration for 65 gold pieces
112477 | Vaults:5 | Bought a meat ration for 65 gold pieces
112477 | Vaults:5 | Bought a meat ration for 65 gold pieces
112485 | Vaults:5 | Found Brownooh's Food Emporium.
112487 | Vaults:5 | Found Noxtat's Food Boutique.
112489 | Vaults:5 | Bought a meat ration for 60 gold pieces
112489 | Vaults:5 | Bought a meat ration for 60 gold pieces
112489 | Vaults:5 | Bought a meat ration for 60 gold pieces
112497 | Vaults:5 | Bought a meat ration for 65 gold pieces
112497 | Vaults:5 | Bought a meat ration for 65 gold pieces
112688 | Vaults:5 | Got the blowgun of Nootrer {evade, rN+}
112689 | Vaults:5 | Identified the +2 blowgun of Nootrer {evade, rN+} (You found it on level 5 of the Vaults)
113451 | Zot:1    | Entered Level 1 of the Realm of Zot
114085 | Zot:1    | Reached skill level 16 in Spellcasting
114986 | Zot:1    | Reached skill level 17 in Spellcasting
115375 | Zot:2    | Noticed an orb of fire
115375 | Zot:2    | Noticed an ancient lich
115462 | Zot:2    | Noticed an orb of fire
115476 | Zot:2    | Killed an orb of fire
116582 | Zot:2    | Reached skill level 18 in Spellcasting
117919 | Zot:2    | Killed an ancient lich
117919 | Zot:2    | Reached skill level 25 in Summonings
117939 | Zot:2    | Killed an orb of fire
117939 | Zot:2    | Reached XP level 26. HP: 83/177 MP: 21/45
119922 | Lair:2   | Learned a level 2 spell: Sublimation of Blood
119925 | Lair:2   | Learned a level 2 spell: Swiftness
119932 | Lair:2   | Learned a level 6 spell: Deflect Missiles
119938 | Lair:2   | Learned a level 3 spell: Spectral Weapon
120525 | Zot:3    | Noticed an orb of fire
120630 | Zot:3    | Killed an orb of fire
120914 | Zot:3    | Reached skill level 19 in Spellcasting
122366 | Zot:3    | Reached skill level 20 in Spellcasting
122386 | Zot:2    | HP: 16/177 [curse toe/torment (14)]
124090 | Zot:4    | Reached XP level 27. HP: 146/182 MP: 29/47
124169 | Zot:4    | Reached skill level 21 in Spellcasting
125381 | Zot:5    | Entered Level 5 of the Realm of Zot
126662 | Zot:5    | Noticed an ancient lich
126668 | Zot:5    | Killed an ancient lich
126671 | Zot:5    | Reached skill level 22 in Fighting
126747 | Zot:5    | Noticed an ancient lich
126768 | Zot:5    | Killed an ancient lich
126783 | Zot:5    | Noticed an ancient lich
126796 | Zot:5    | Killed an ancient lich
127042 | Zot:5    | Noticed an orb of fire
127052 | Zot:5    | Noticed an orb of fire
127064 | Zot:5    | Killed an orb of fire
127065 | Zot:5    | Killed an orb of fire
127534 | Zot:5    | Reached skill level 23 in Fighting
127548 | Zot:5    | Noticed an orb of fire
127554 | Zot:5    | Noticed an ancient lich
127568 | Zot:5    | Gained mutation: Your vision is a little blurry. [an orb of fire]
127590 | Zot:5    | Killed an orb of fire
128133 | Zot:5    | Noticed an orb of fire
128144 | Zot:5    | Killed an orb of fire
128386 | Zot:5    | Got the Orb of Zot
128431 | Zot:5    | Noticed Deuthru the pandemonium lord
128443 | Zot:5    | HP: 13/188 [Deuthru the pandemonium lord/great blast of fire (65)]
128447 | Zot:5    | HP: 4/188 [Deuthru the pandemonium lord/great blast of fire (41)]
128457 | Zot:5    | Noticed Qadep Ago the pandemonium lord
128459 | Zot:5    | Killed Deuthru the pandemonium lord
128982 | Depths:1 | Noticed Jikh the pandemonium lord
129028 | D:15     | Noticed Wiown the pandemonium lord
129068 | D:14     | Noticed Zinere the pandemonium lord
129112 | D:13     | Gained mutation: You are frail (-10% HP). [mutagenic glow]
129149 | D:12     | Gained mutation: You are dopey. (Int -2) [mutagenic glow]
129232 | D:10     | Noticed a molten gargoyle
129240 | D:10     | Identified the Collected Works on Confrontation and Good Luck (You found it on level 10 of the Dungeon)
129557 | D:$      | Escaped with the Orb!

Vanquished Creatures
  3 ancient liches
  4 orbs of fire
  A pandemonium lord (Zot:5)
  Mara (Vaults:2)
  Boris (Vaults:2)
  2 Killer Klowns
  3 golden dragons
  3 electric golems
  7 bone dragons
  12 tentacled monstrosities
  A lich (Vaults:5)
  3 Orb Guardians (Zot:5)
  2 deep elf blademasters (Elf:3)
  14 storm dragons
  A deep elf master archer (Elf:3)
  A titan (Vaults:5)
  7 tengu reavers
  A sphinx (Vaults:5)
  A shadow dragon (Zot:2)
  An azure jelly (shapeshifter) (Depths:2)
  A thorn hunter (Swamp:5)
  3 draconian monks
  The ghost of mrokjakchuj the Warrior, a mighty HEFi of Okawaru (Elf:3)
  11 deep elf sorcerers
  7 frost giants
  An iron dragon (Vaults:5)
  6 ghost moths
  5 draconian knights
  6 fire giants
  7 emperor scorpions
  6 draconian zealots
  5 vault wardens
  4 draconian annihilators
  5 war gargoyles
  2 draconian shifters
  2 spriggan defenders (Depths:3)
  A balrug (Depths:3)
  13 stone giants
  5 rakshasas
  9 deep elf demonologists
  6 grey draconians
  7 green draconians
  7 deep elf annihilators
  A draconian caller (Depths:5)
  9 pale draconians
  2 dire elephants
  5 purple draconians
  6 red draconians
  7 yellow draconians
  3 black draconians
  5 white draconians
  3 deep elf death magi (Elf:3)
  4 mottled draconians
  4 ettins
  6 deep elf high priests
  9 crystal guardians
  13 fire dragons
  22 vault guards
  9 ironheart preservers
  3 jiangshi
  2 minotaurs
  12 yaktaur captains
  14 ice dragons
  A ravenous feature mimic (Bazaar)
  3 great orbs of eyes
  A quicksilver dragon skeleton (Vaults:5)
  2 hydras (Swamp:5)
  5 ravenous item mimics (Depths:2)
  6 death cobs
  Nessos (D:13)
  A spriggan air mage (Depths:5)
  Erica (Lair:5)
  7 deep troll earth magi
  6 ogre magi
  14 dancing weapons
  5 centaur warriors
  7 alligators
  11 death yaks
  10 deep troll shamans
  2 spectral elves (Elf:3)
  2 soul eaters
  2 spriggan berserkers (Depths:5)
  11 very ugly things
  A shadow wraith (Vaults:3)
  7 iron trolls
  3 unseen horrors
  11 skeletal warriors
  2 ice devils
  A storm dragon skeleton (Depths:4)
  17 deep elf knights
  4 orb spiders
  A large abomination (Elf:3)
  28 deep trolls
  A flayed ghost (Vaults:5)
  A storm dragon zombie (Zot:4)
  10 swamp dragons
  8 hill giants
  3 lindwurms
  An ice statue (Depths:2)
  A swamp dragon (shapeshifter) (Depths:5)
  2 silver statues (Depths:2)
  4 giant orange brains
  12 deep elf summoners
  A giant orange brain (shapeshifter) (Depths:2)
  14 ironbrand convokers
  Joseph (D:12)
  5 wizards
  2 harpies (Vaults:2)
  13 deep elf conjurers
  A hill giant (shapeshifter) (Vaults:5)
  6 griffons
  7 necromancers
  30 wolf spiders
  2 manticores (shapeshifter)
  2 draconian zombies (Zot:3)
  9 red wasps
  4 orc sorcerers
  2 harpies (shapeshifter)
  A moth of wrath (shapeshifter) (Depths:2)
  A salamander (shapeshifter) (Depths:2)
  A fire giant zombie (Vaults:5)
  6 orc knights
  A stone giant zombie (Depths:4)
  3 cyclopes
  A manticore (D:14)
  A fire giant skeleton (Vaults:2)
  19 moths of wrath
  2 stone giant skeletons
  A draconian (shapeshifter) (Vaults:3)
  An elephant (shapeshifter) (Depths:2)
  2 phantasmal warriors (Vaults:5)
  3 small abominations
  A sixfirhy (D:3)
  An octopode (shapeshifter) (Vaults:1)
  An elf zombie (Vaults:5)
  A mermaid (shapeshifter) (Vaults:2)
  An eye of devastation (shapeshifter) (Depths:2)
  17 spiny frogs
  2 elephants
  A molten gargoyle (Zot:1)
  A black mamba (shapeshifter) (Depths:2)
  A tormentor (Zot:5)
  5 komodo dragons
  A titan simulacrum (Depths:4)
  13 vault sentinels
  3 gargoyles
  An orange crystal statue (Depths:4)
  An item mimic (Orc:1)
  3 smoke demons
  A feature mimic (Lair:3)
  3 orange demons
  3 kobold demonologists
  A grey draconian zombie (Zot:3)
  2 black mambas
  An iron devil (Elf:3)
  2 hellwings
  9 demonic crawlers
  A silent spectre (Vaults:2)
  A yaktaur (shapeshifter) (Vaults:3)
  A pale draconian zombie (Zot:5)
  44 yaktaurs
  5 fire drakes
  6 freezing wraiths
  2 tengu conjurers
  15 deep elf priests
  A shadow dragon simulacrum (Depths:4)
  14 wind drakes
  18 jumping spiders
  3 trolls
  A merfolk (shapeshifter) (Depths:2)
  6 giant leeches
  9 ravens
  19 slime creatures
  8 blink frogs
  6 fire vortices
  11 bog bodies
  A polar bear (Depths:5)
  3 giant fireflies
  A hell beast (Depths:4)
  6 boulder beetles
  A wind drake (shapeshifter) (Vaults:5)
  An ettin zombie (D:15)
  2 jumping spiders (shapeshifter)
  11 two-headed ogres
  A human zombie (Vaults:1)
  5 spriggans
  A baby alligator (shapeshifter) (D:14)
  4 baby alligators (Swamp:4)
  A basilisk (Lair:8)
  A basilisk (shapeshifter) (D:13)
  20 redbacks
  A tarantella (shapeshifter) (Depths:2)
  54 air elementals
  25 deep elf magi
  18 trapdoor spiders
  17 water elementals
  2 shadows
  17 tarantellas
  A hill giant zombie (D:12)
  12 sharks
  An ettin skeleton (Vaults:2)
  2 fire elementals (Depths:2)
  2 wyverns
  An elephant slug (Lair:8)
  2 wraiths (D:13)
  A human (D:14)
  2 human skeletons
  A hungry ghost (Vaults:2)
  2 vampires
  4 wargs
  A hippogriff (shapeshifter) (Depths:2)
  4 yaks
  12 vampire mosquitoes
  A steam dragon (Lair:7)
  A hog (shapeshifter) (Depths:2)
  11 hippogriffs
  10 fire bats (Zot:1)
  A yaktaur simulacrum (Vaults:5)
  30 deep elf fighters
  30 swamp worms
  78 ugly things
  A mottled dragon (Vaults:1)
  24 water moccasins
  10 wolves
  A deep troll zombie (Vaults:5)
  A naga (shapeshifter) (Depths:2)
  11 soldier ants
  An ogre skeleton (D:14)
  2 hell hounds
  A necrophage (D:12)
  11 swamp drakes
  9 porcupines
  3 sky beasts
  3 human simulacra
  A manticore zombie (D:14)
  2 yellow wasps
  A spider (shapeshifter) (Elf:3)
  A phantom (D:3)
  2 black bears
  39 spiders
  7 boggarts
  4 ice beasts
  22 ogres
  19 orc warriors
  A manticore skeleton (D:15)
  14 centaurs
  4 big kobolds
  Duvessa (D:8)
  A boring beetle (Lair:8)
  8 crocodiles
  A crocodile (shapeshifter) (Vaults:2)
  A brain worm (D:13)
  A lava worm (Zot:1)
  A yaktaur zombie (D:12)
  7 giant slugs
  18 giant frogs
  A komodo dragon zombie (D:13)
  A komodo dragon skeleton (D:15)
  7 earth elementals
  A giant frog (shapeshifter) (Depths:2)
  A brain worm (shapeshifter) (Depths:3)
  A yaktaur skeleton (D:13)
  43 insubstantial wisps
  7 scorpions
  An orc simulacrum (Vaults:2)
  A cyclops skeleton (D:13)
  4 electric eels
  A tengu zombie (D:13)
  2 yak skeletons (Orc:4)
  6 killer bees
  An elf skeleton (Vaults:5)
  13 wights
  A lava snake (D:12)
  16 crimson imps
  4 goliath beetles
  8 big fish
  A giant frog zombie (D:7)
  12 hounds
  A hound (shapeshifter) (Depths:2)
  20 orc wizards
  2 centaur skeletons
  A giant frog skeleton (D:7)
  13 orc priests
  4 spectral orcs (Depths:4)
  15 worker ants
  4 spectral big fish (Depths:5)
  7 iguanas
  8 orange rats
  34 sheep
  Jessica (D:3)
  A big kobold skeleton (D:8)
  A mottled dragon skeleton (D:11)
  A hound skeleton (D:6)
  2 gnolls (D:6)
  19 adders
  A worker ant zombie (D:5)
  70 green rats
  A white imp (Vaults:3)
  A worm zombie (D:5)
  4 worms
  An inept feature mimic (D:7)
  An iguana zombie (D:8)
  12 giant geckos
  135 orcs
  2 ball pythons
  22 bats
  4 giant cockroaches
  16 hobgoblins
  26 jackals
  11 quokkas
  4 giant newts
  22 goblins
  19 kobolds
  A kobold skeleton (D:4)
  A kobold zombie (D:6)
  3 orc zombies (Orc:4)
  16 rats
  4 rat skeletons (Orc:4)
  4 ballistomycetes
  A crawling corpse (Elf:3)
  2 fungi
  3 plants
2224 creatures vanquished.

Vanquished Creatures (collateral kills)
  3 orbs of fire
  4 ancient liches
  Boris (Depths:4)
  2 curse toes
  Sojobo (Blade)
  the Lernaean hydra (Swamp:5)
  Mennas (Vaults:4)
  7 golden dragons
  Frederick (Blade)
  2 electric golems (Zot:5)
  5 bone dragons
  Asterion (Vaults:2)
  20 Orb Guardians
  15 tentacled monstrosities
  4 titans (Vaults:5)
  A Cloud Mage (WizLab)
  2 sphinxes (Vaults:5)
  7 tengu reavers
  Rupert (Lair:4)
  Agnes (Swamp:4)
  2 thorn hunters (Swamp:3)
  7 storm dragons
  7 fire giants
  2 draconian monks (Zot:4)
  5 shadow dragons
  A large abomination (Vaults:5)
  2 deep elf sorcerers
  3 draconian scorchers
  6 frost giants
  An iron dragon (Vaults:5)
  7 vault wardens
  Aizul (Vaults:4)
  Louise (Spider:1)
  A draconian zealot (Zot:4)
  3 draconian knights
  Gastronok (D:13)
  4 emperor scorpions
  6 draconian shifters
  10 stone giants
  2 deep elf demonologists (Vaults:5)
  7 grey draconians
  7 war gargoyles
  5 draconian annihilators
  A draconian caller (Zot:3)
  4 deep elf annihilators
  5 red draconians
  5 green draconians
  A vampire knight (Depths:4)
  5 white draconians
  6 yellow draconians
  5 mottled draconians
  2 purple draconians
  2 dire elephants
  9 black draconians
  7 pale draconians
  2 minotaurs
  4 ettins
  A deep elf death mage (Elf:3)
  A crystal guardian (Depths:2)
  7 vault guards
  8 fire dragons
  A jiangshi (Depths:1)
  5 yaktaur captains
  Fannar (D:10)
  3 death cobs
  A great orb of eyes (Depths:1)
  10 ironheart preservers
  Harold (D:11)
  An ice dragon (shapeshifter) (Vaults:5)
  5 rakshasas
  2 spriggan air magi
  A shambling mangrove (Swamp:3)
  7 ravenous item mimics (Depths:2)
  2 ogre magi
  3 ice dragons
  3 alligators
  26 hydras
  29 dancing weapons
  A tengu warrior (D:10)
  An alligator (shapeshifter) (Depths:2)
  3 deep troll earth magi
  2 centaur warriors
  4 deep troll shamans
  3 orc high priests (Orc:4)
  6 spriggan berserkers
  2 death yaks (Depths:1)
  Urug (D:13)
  A vampire mage (Depths:1)
  A sun demon (Lair:8)
  Nergalle (Depths:4)
  5 hell knights (Depths:3)
  A very ugly thing (Vaults:5)
  3 spriggans
  4 deep elf knights
  A fire crab (Vaults:4)
  A skeletal warrior (D:15)
  A death drake (Zot:3)
  3 iron trolls
  7 flayed ghosts
  An ice devil (Depths:2)
  A giant orange brain (Depths:3)
  2 spriggan druids
  A manticore (Vaults:3)
  An unseen horror (D:14)
  An ironbrand convoker (Vaults:3)
  2 lindwurms (Lair:5)
  A deep elf summoner (Vaults:4)
  22 deep trolls
  A harpy (Vaults:2)
  17 orb spiders
  4 swamp dragons
  6 orc knights
  2 hellions (Zot:5)
  A shadow dragon zombie (Vaults:5)
  A tengu zombie (Vaults:5)
  An iron dragon zombie (Depths:4)
  The ghost of braks the Twirler, an experienced DsGl (D:7)
  3 cyclopes
  5 hill giants
  A draconian zombie (Zot:4)
  9 wolf spiders
  3 necromancers
  2 orc sorcerers
  6 red wasps
  A griffon (Lair:4)
  A stone giant zombie (Vaults:1)
  10 moths of wrath
  A shadow dragon skeleton (Depths:4)
  A sphinx skeleton (Depths:4)
  A mana viper (shapeshifter) (Vaults:5)
  2 deep elf conjurers
  2 sixfirhies
  2 manticores (shapeshifter) (Depths:2)
  An oklob plant (Lair:4)
  A stone giant skeleton (Vaults:5)
  10 elephants
  4 vault sentinels
  5 black mambas
  2 gargoyles
  8 spiny frogs
  An orange crystal statue (Depths:2)
  A smoke demon (Depths:2)
  A queen ant (Lair:6)
  2 fire drakes
  Psyche (D:10)
  6 orange demons
  A grey draconian zombie (Zot:2)
  2 yellow draconian zombies (Zot:2)
  4 komodo dragons
  10 yaktaurs
  2 efreet (Zot:1)
  3 demonic crawlers
  2 deep elf priests
  A feature mimic (D:14)
  6 jumping spiders
  A wandering mushroom (Zot:5)
  A tengu conjurer (Depths:5)
  3 blue devils
  2 trolls (Zot:1)
  2 giant leeches (Swamp:3)
  7 wind drakes
  A red devil (Lair:8)
  A troll (shapeshifter) (Vaults:3)
  2 fire vortices (Zot:5)
  Sonja (D:11)
  A hellwing (Zot:5)
  7 two-headed ogres
  2 polar bears (Lair:5)
  A catoblepas zombie (D:15)
  4 giant fireflies
  10 slime creatures
  19 blink frogs
  4 ravens
  An iron dragon simulacrum (Depths:4)
  4 brown oozes (Lair:7)
  3 bog bodies (Swamp:5)
  2 ice dragon zombies
  3 air elementals
  A boulder beetle (shapeshifter) (Depths:2)
  2 basilisks (Lair:3)
  A trapdoor spider (shapeshifter) (Vaults:5)
  7 redbacks
  3 trapdoor spiders
  A snapping turtle (shapeshifter) (D:8)
  5 yaks
  7 water elementals
  5 tarantellas
  A redback (shapeshifter) (Depths:2)
  A human (shapeshifter) (Depths:2)
  3 sharks
  5 deep elf magi
  3 wraiths
  9 deep elf fighters
  2 hungry ghosts
  A yak (shapeshifter) (Depths:2)
  Grum (D:8)
  18 ugly things
  The ghost of braverobin the Chopper, an average FoFi (D:4)
  A chaos spawn (Lair:8)
  4 fire elementals
  An elf skeleton (Depths:4)
  A hill giant skeleton (D:9)
  2 vampire mosquitoes
  A soldier ant (shapeshifter) (Depths:2)
  2 swamp worms
  5 hippogriffs
  8 water moccasins
  15 wolves
  10 soldier ants (Lair:6)
  16 spiders
  11 orc warriors
  A porcupine (Lair:7)
  4 swamp drakes (Zot:3)
  2 phantoms
  A sky beast (D:8)
  A black bear (D:7)
  A necrophage (D:9)
  7 ice beasts
  A yellow wasp (Spider:5)
  15 ogres
  4 boggarts (D:14)
  A lava worm (Zot:1)
  A boring beetle (Spider:4)
  A crocodile (Lair:2)
  Sigmund (D:3)
  6 centaurs
  A lost soul (Elf:3)
  3 giant slugs
  A big kobold (D:10)
  3 yaktaur zombies
  6 earth elementals
  An elf zombie (D:7)
  2 lightning spires
  3 giant frogs
  7 insubstantial wisps
  A gnoll sergeant (D:10)
  2 human skeletons
  A human simulacrum (Depths:4)
  6 scorpions
  16 killer bees
  A yak zombie (D:7)
  7 wights
  6 electric eels
  8 hounds
  Dowan (D:8)
  3 crimson imps
  8 goliath beetles
  8 big fish
  A pulsating lump (shapeshifter) (Depths:2)
  An iron imp (Depths:2)
  6 human zombies
  3 jellies (D:10)
  A gnoll shaman (D:6)
  5 iguanas
  13 orc wizards
  2 lava snakes
  A spectral orc (Depths:4)
  9 worker ants
  19 orc priests
  A quasit (D:5)
  A spectral big fish (Depths:5)
  16 sheep
  A big kobold skeleton (D:5)
  An ogre skeleton (D:6)
  4 mummies (D:7)
  24 green rats
  11 adders
  10 gnolls
  2 shadow imps
  5 giant mites
  2 worms
  A giant gecko (D:3)
  50 orcs
  A giant cockroach (D:2)
  7 hobgoblins
  5 jackals
  3 quokkas
  9 bats
  A giant newt (D:2)
  A giant spore (D:7)
  2 goblins
  6 kobolds
  7 orc zombies
  A quokka zombie (D:7)
  4 rats
  A rat skeleton (Orc:4)
  2 rat zombies
  2 ballistomycetes
  A briar patch (Swamp:3)
  A bush (Lair:4)
  2 butterflies (D:8)
  A crawling corpse (Vaults:5)
  A plant (D:6)
1215 creatures vanquished.

Vanquished Creatures (others)
  7 golden dragons
  A bone dragon (Zot:2)
  2 liches
  A tentacled monstrosity (Zot:2)
  3 sphinxes
  10 quicksilver dragons
  9 storm dragons
  An eldritch tentacle (Zot:5)
  9 shadow dragons
  2 fire giants
  2 tengu reavers
  A draconian scorcher (Zot:4)
  7 iron dragons
  A draconian zealot (Zot:2)
  A draconian annihilator (Zot:2)
  A war gargoyle (Depths:2)
  2 stone giants
  A black draconian (Zot:4)
  A spectral weapon (Zot:3)
  A pale draconian (Zot:2)
  A purple draconian (Zot:2)
  2 ettins
  An ironheart preserver (Vaults:4)
  13 fire dragons
  4 yaktaur captains
  A deep elf high priest (Elf:3)
  2 death cobs (Zot:2)
  22 hydras
  9 ice dragons
  3 deep troll earth magi
  A deep troll shaman (Depths:5)
  4 ogre magi
  6 dancing weapons
  15 lindwurms
  2 death yaks (Depths:1)
  2 spriggan berserkers (Depths:5)
  15 harpies
  6 sun demons
  4 soul eaters
  2 very ugly things (Depths:2)
  3 ice devils
  A titan skeleton (Vaults:5)
  A giant orange brain (Vaults:3)
  Erolcha (D:10)
  26 ball lightnings
  25 manticores
  6 hell knights
  A deep troll (Depths:5)
  A hill giant (D:10)
  A deathcap (Zot:2)
  3 necromancers
  6 sixfirhies
  An orc knight (Vaults:4)
  2 red wasps
  A draconian (shapeshifter) (Depths:2)
  An orc sorcerer (Vaults:5)
  6 moths of wrath
  2 ironbrand convokers (Vaults:3)
  2 vault sentinels
  An elephant (shapeshifter) (Depths:2)
  14 smoke demons
  7 orange demons
  A fire drake (D:15)
  A kobold demonologist (Vaults:3)
  An elf (shapeshifter) (Vaults:4)
  A deep elf priest (Vaults:5)
  13 yaktaurs
  8 hellwings
  A freezing wraith (Vaults:5)
  2 merfolk (shapeshifter) (Depths:2)
  3 wandering mushrooms
  4 blue devils
  A tengu simulacrum (Vaults:2)
  2 iron devils
  10 two-headed ogres
  A giant firefly (shapeshifter) (Vaults:4)
  2 water elementals (Zot:5)
  3 trolls
  A giant firefly (Depths:5)
  3 red devils
  2 fire vortices (Zot:5)
  A raven (Depths:5)
  2 trapdoor spiders (D:15)
  A blink frog (Lair:4)
  A bog body (Swamp:5)
  A slime creature (Depths:3)
  2 redbacks (D:15)
  A small abomination (Vaults:5)
  An ice dragon skeleton (Depths:4)
  6 ugly things
  8 ynoxinuls
  2 spriggans (Depths:5)
  A shadow (Swamp:3)
  2 air elementals (Depths:5)
  10 wolves
  4 vampire mosquitoes (Vaults:3)
  2 deep elf fighters
  3 deep elf magi
  8 chaos spawn
  10 neqoxecs
  A mottled dragon (Vaults:1)
  8 wargs
  A swamp drake (Zot:3)
  4 orc warriors
  An ice beast (D:5)
  14 ogres
  A big kobold (Vaults:3)
  A glowing shapeshifter simulacrum (Vaults:4)
  24 lightning spires
  A pulsating lump (shapeshifter) (Depths:2)
  A quasit (Vaults:3)
  6 crimson imps
  A human simulacrum (Vaults:2)
  An iron imp (D:13)
  5 hounds
  A two-headed ogre skeleton (Vaults:2)
  An orc wizard (Orc:4)
  A worker ant (D:7)
  An orc zombie (Orc:4)
  9 white imps
  4 shadow imps
  43 ufetubi
  2 orcs
  A bat (D:1)
  A bat zombie (D:5)
  3 quokkas
  2 giant spores
  3 kobolds
  4 rats (D:1)
  2 rat skeletons (Orc:4)
  4 briar patches (Swamp:3)
  2 bushes (Lair:4)
  A crawling corpse (Vaults:5)
  168 eldritch tentacle segments (Zot:5)
  21 fungi
  9 plants
769 creatures vanquished.

Grand Total: 4208 creatures vanquished
